cohdb
Replays
Latest Replays
All Replays
Popular Replays
Top Player Replays
Match Explorer
How It Works
Community
CoH3 Stats
Reddit
Sign in to upload your games and track your stats! →
Sign in with Steam
Match 43655785
Unlisted
Match 43655785
Overview
Messages
Build Orders
End
Construct Barracks
Riflemen Squad
Riflemen Squad
Engineer Squad
M1 Mortar Team
Grenade Package
Mechanized Support Center
Riflemen Squad
Construct Motor Pool
M24 Chaffee Light Tank
Designate Forward Repair Station
M8 Greyhound Armored Car
Improvised Armor
M24 Chaffee Light Tank
Selects Heavy Weapons
Selects Assault Carriers
Selects Halftrack Strongpoints
Riflemen Squad
Selects M26 Pershing Heavy Tank
M26 Pershing Heavy Tank
M1918 Browning Automatic Rifles
Riflemen Squad
Riflemen Squad
Salvage Crew
Engineer Squad
Riflemen Squad
Engineer Squad
Construct Tank Depot
Selects M2HB .50cal Heavy Machine Gun
506767261
wula
子清
Hello
B1t
SkyCurv
【嗜血狼族】灵狐魅儿
Silver
0
0
Comments
sign in to comment!
No comments posted yet!